TOP OF THE 1ST |
Intercourse Amish batting - Pitching for Rio Grande Rattlesnake : RHP Bryce Davis
|
Pitching: RHP Bryce Davis
|
|
Batting: RHB Leon Heath
|
0-0: Ball 1-0: Foul Ball, location: 2F 1-1: SINGLE (Line Drive, 7LS)
|
Batting: RHB Ramón Padilla
|
0-0: Called Strike 0-1: SINGLE (Line Drive, 56) Leon Heath to second
|
Batting: SHB Conan Hanson
|
0-0: Called Strike 0-1: Hit by Pitch Leon Heath to third Ramón Padilla to second
|
Batting: RHB José Velázquez
|
0-0: Ball 1-0: Called Strike 1-1: Ball 2-1: Ball 3-1: Swinging Strike 3-2: Foul Ball, location: 2F 3-2: Strikes out swinging
|
Batting: RHB Juan Estrada
|
0-0: Ball 1-0: Swinging Strike 1-1: Ball 2-1: Ball 3-1: Base on Balls Leon Heath scores Ramón Padilla to third Conan Hanson to second
|
Batting: LHB Caleb Hall
|
0-0: Called Strike 0-1: Ball 1-1: Ball 2-1: Called Strike 2-2: Foul Ball, location: 2F 2-2: Strikes out swinging
|
Batting: RHB Tomás Galindo
|
0-0: Foul Ball, location: 2F 0-1: Fielders Choice at 2nd, 5-4 (Groundball, 56)
|
Top of the 1st over - 1 run(s), 2 hit(s), 0 error(s), 2 left on base; Intercourse 1 - Rio Grande 0 |
BOTTOM OF THE 1ST |
Rio Grande Rattlesnake batting - Pitching for Intercourse Amish : RHP Errol Murphy
|
Pitching: RHP Errol Murphy
|
|
Batting: SHB Jeremy Holmes
|
0-0: Ball 1-0: Called Strike 1-1: Swinging Strike 1-2: Ball 2-2: Ball 3-2: Strikes out swinging
|
Batting: RHB Paul Martin
|
0-0: Ball 1-0: Ball 2-0: Ball 3-0: Called Strike 3-1: Called Strike 3-2: Foul Ball, location: 2F 3-2: SOLO HOME RUN (Flyball, 7D), Distance : 374 ft
|
Batting: RHB Juan López
|
0-0: Ball 1-0: Ball 2-0: Ball 3-0: Called Strike 3-1: Called Strike 3-2: Strikes out looking
|
Batting: RHB Hollis Wood
|
0-0: Called Strike 0-1: Ball 1-1: Ball 2-1: Fly out, F7 (Flyball, 7S)
|
Bottom of the 1st over - 1 run(s), 1 hit(s), 0 error(s), 0 left on base; Intercourse 1 - Rio Grande 1 |
TOP OF THE 2ND |
Intercourse Amish batting - Pitching for Rio Grande Rattlesnake : RHP Bryce Davis
|
Batting: RHB Pablo Díaz
|
0-0: SINGLE (Line Drive, 34D)
|
Batting: RHB Taylor Justice
|
0-0: Grounds into double play, 4-6-3 (Groundball, 4)
|
Batting: RHB Leon Heath
|
0-0: SINGLE (Groundball, 6MD)
|
Batting: RHB Ramón Padilla
|
0-0: Swinging Strike 0-1: Foul Ball, location: 2F 0-2: Ball Leon Heath is caught stealing 2nd base
|
Top of the 2nd over - 0 run(s), 2 hit(s), 0 error(s), 0 left on base; Intercourse 1 - Rio Grande 1 |
BOTTOM OF THE 2ND |
Rio Grande Rattlesnake batting - Pitching for Intercourse Amish : RHP Errol Murphy
|
Batting: RHB Miguel Hernández
|
0-0: Ball 1-0: Ball 2-0: Ball 3-0: Base on Balls
|
Batting: RHB Joe Courtier
|
0-0: Ball 1-0: Ball 2-0: Foul Ball, location: 2F 2-1: Foul Ball, location: 2F 2-2: Strikes out swinging
|
Batting: LHB Alberto Roberts
|
0-0: Called Strike 0-1: Grounds into double play, 5-4-3 (Groundball, 56)
|
Bottom of the 2nd over - 0 run(s), 0 hit(s), 0 error(s), 0 left on base; Intercourse 1 - Rio Grande 1 |
TOP OF THE 3RD |
Intercourse Amish batting - Pitching for Rio Grande Rattlesnake : RHP Bryce Davis
|
Batting: RHB Ramón Padilla
|
0-0: Ball 1-0: TRIPLE (Line Drive, 8LS)
|
Batting: SHB Conan Hanson
|
0-0: Fly out, F8 (Flyball, 78M) Runner from 3rd tags up, SCORES, no throw
|
Batting: RHB José Velázquez
|
0-0: Called Strike 0-1: Called Strike 0-2: Ball 1-2: Strikes out looking
|
Batting: RHB Juan Estrada
|
0-0: Called Strike 0-1: Ball 1-1: Fly out, F9 (Flyball, 9)
|
Top of the 3rd over - 1 run(s), 1 hit(s), 0 error(s), 0 left on base; Intercourse 2 - Rio Grande 1 |
BOTTOM OF THE 3RD |
Rio Grande Rattlesnake batting - Pitching for Intercourse Amish : RHP Errol Murphy
|
Batting: RHB Jeff Bane
|
0-0: Foul Ball, location: 2F 0-1: Called Strike 0-2: DOUBLE (Line Drive, 9LS)
|
Batting: RHB Gilberto Silva
|
0-0: Hit by Pitch
|
Batting: SHB Jeremy Holmes
|
0-0: Ball 1-0: Called Strike Jeff Bane steals 3rd base Gilberto Silva to second 1-1: Swinging Strike 1-2: Foul Ball, location: 2F 1-2: Ball 2-2: Fly out, F7 (Flyball, 78S) Runner from 3rd tags up, SCORES, throw made
|
Batting: RHB Paul Martin
|
0-0: Swinging Strike 0-1: Ball 1-1: Foul Ball, location: 2F 1-2: Ground out 6-3 (Groundball, 6)
|
Batting: RHB Juan López
|
0-0: Ball 1-0: Ball 2-0: Called Strike 2-1: Ball 3-1: Base on Balls
|
Batting: RHB Hollis Wood
|
0-0: Ball 1-0: Foul Ball, location: 2F 1-1: SINGLE (Line Drive, 89S) Gilberto Silva to third Juan López to second Runner from 3rd tries for Home, SAFE, no throw
|
Batting: RHB Miguel Hernández
|
0-0: Called Strike 0-1: Ball 1-1: Ball 2-1: Foul Ball, location: 2F 2-2: Fielders Choice at 2nd, 5-4 (Groundball, 56)
|
Bottom of the 3rd over - 2 run(s), 2 hit(s), 0 error(s), 1 left on base; Intercourse 2 - Rio Grande 3 |
TOP OF THE 4TH |
Intercourse Amish batting - Pitching for Rio Grande Rattlesnake : RHP Bryce Davis
|
Batting: LHB Caleb Hall
|
0-0: Ball 1-0: Called Strike 1-1: Called Strike 1-2: Strikes out looking
|
Batting: RHB Tomás Galindo
|
0-0: Foul Ball, location: 2F 0-1: Ball 1-1: Called Strike 1-2: Foul Ball, location: 2F 1-2: Ball 2-2: Ball 3-2: Ground out 6-3 (Groundball, 6)
|
Batting: RHB Pablo Díaz
|
0-0: Foul Ball, location: 2F 0-1: Foul Ball, location: 2F 0-2: Strikes out swinging
|
Top of the 4th over - 0 run(s), 0 hit(s), 0 error(s), 0 left on base; Intercourse 2 - Rio Grande 3 |
BOTTOM OF THE 4TH |
Rio Grande Rattlesnake batting - Pitching for Intercourse Amish : RHP Errol Murphy
|
Batting: RHB Joe Courtier
|
0-0: Called Strike 0-1: Ball 1-1: Ball 2-1: Swinging Strike 2-2: Fly out, F4 (Line Drive, 4)
|
Batting: LHB Alberto Roberts
|
0-0: Called Strike 0-1: Ball 1-1: Ball 2-1: Swinging Strike 2-2: Strikes out swinging
|
Batting: RHB Jeff Bane
|
0-0: Foul Ball, location: 2F 0-1: Called Strike 0-2: Strikes out looking
|
Bottom of the 4th over - 0 run(s), 0 hit(s), 0 error(s), 0 left on base; Intercourse 2 - Rio Grande 3 |
TOP OF THE 5TH |
Intercourse Amish batting - Pitching for Rio Grande Rattlesnake : RHP Bryce Davis
|
Batting: RHB Taylor Justice
|
0-0: Called Strike 0-1: Ball 1-1: Foul Ball, location: 2F 1-2: Ground out 1-3 (Groundball, P)
|
Batting: RHB Leon Heath
|
0-0: Foul Ball, location: 2F 0-1: Ball 1-1: Foul Ball, location: 2F 1-2: Foul Ball, location: 2F 1-2: Ball 2-2: Strikes out swinging
|
Batting: RHB Ramón Padilla
|
0-0: Ball 1-0: Foul Ball, location: 2F 1-1: Foul Ball, location: 2F 1-2: Ground out 1-3 (Groundball, 13S)
|
Top of the 5th over - 0 run(s), 0 hit(s), 0 error(s), 0 left on base; Intercourse 2 - Rio Grande 3 |
BOTTOM OF THE 5TH |
Rio Grande Rattlesnake batting - Pitching for Intercourse Amish : RHP Errol Murphy
|
Batting: RHB Gilberto Silva
|
0-0: Ball 1-0: Ball 2-0: Foul Ball, location: 2F 2-1: Swinging Strike 2-2: Strikes out looking
|
Batting: SHB Jeremy Holmes
|
0-0: SINGLE (Line Drive, 3D)
|
Batting: RHB Paul Martin
|
0-0: Ball 1-0: Ball 2-0: Called Strike 2-1: Ball 3-1: Base on Balls Jeremy Holmes to second
|
Batting: RHB Juan López
|
0-0: Called Strike 0-1: Ball 1-1: Reached on error, E6 (Groundball, 6) Jeremy Holmes to third Paul Martin to second
|
Batting: RHB Hollis Wood
|
0-0: Ball 1-0: Fly out, F8 (Line Drive, 8LM) Runner from 3rd tags up, SCORES, throw made
|
Batting: RHB Miguel Hernández
|
0-0: Ball 1-0: Foul Ball, location: 2F 1-1: DOUBLE (Line Drive, 78XD) Paul Martin scores Juan López to third Runner from 3rd tries for Home, throw and OUT!
|
Bottom of the 5th over - 2 run(s), 2 hit(s), 1 error(s), 1 left on base; Intercourse 2 - Rio Grande 5 |
TOP OF THE 6TH |
Intercourse Amish batting - Pitching for Rio Grande Rattlesnake : RHP Bryce Davis
|
Batting: SHB Conan Hanson
|
0-0: Swinging Strike 0-1: Called Strike 0-2: SINGLE (Groundball, 4MD)
|
Batting: RHB José Velázquez
|
0-0: Ball 1-0: Ball 2-0: Ball 3-0: Called Strike 3-1: Foul Ball, location: 2F 3-2: Foul Ball, location: 2F 3-2: Base on Balls Conan Hanson to second
|
Pitching: RHP Adrián Mora
|
|
Batting: RHB Juan Estrada
|
0-0: Swinging Strike 0-1: Called Strike 0-2: Foul Ball, location: 2F 0-2: Fly out, F8 (Flyball, 8LM)
|
Batting: LHB Caleb Hall
|
0-0: Foul Ball, location: 2F 0-1: Ball 1-1: Ball 2-1: Ball 3-1: Swinging Strike 3-2: Strikes out swinging
|
Batting: RHB Tomás Galindo
|
0-0: Foul Ball, location: 2F 0-1: Fly out, F9 (Flyball, 9LS)
|
Top of the 6th over - 0 run(s), 1 hit(s), 0 error(s), 2 left on base; Intercourse 2 - Rio Grande 5 |
BOTTOM OF THE 6TH |
Rio Grande Rattlesnake batting - Pitching for Intercourse Amish : RHP Errol Murphy
|
Pitching: RHP Ambrose Palmer
|
|
Batting: RHB Joe Courtier
|
0-0: Foul Ball, location: 2F 0-1: Ground out 6-3 (Groundball, 6)
|
Batting: LHB Alberto Roberts
|
0-0: Fly out, F7 (Flyball, 78M)
|
Batting: RHB Jeff Bane
|
0-0: Swinging Strike 0-1: Called Strike 0-2: Ball 1-2: Ball 2-2: Foul Ball, location: 2F 2-2: Ball 3-2: Base on Balls
|
Batting: RHB Gilberto Silva
|
Pickoff Throw to First - Error! E1 Jeff Bane to second 0-0: Ground out 6-3 (Groundball, 6)
|
Bottom of the 6th over - 0 run(s), 0 hit(s), 1 error(s), 1 left on base; Intercourse 2 - Rio Grande 5 |
TOP OF THE 7TH |
Intercourse Amish batting - Pitching for Rio Grande Rattlesnake : RHP Adrián Mora
|
Batting: RHB Pablo Díaz
|
0-0: SINGLE (Groundball, 6MD)
|
Batting: RHB Taylor Justice
|
0-0: Fly out, F9 (Flyball, 9LM)
|
Batting: RHB Leon Heath
|
0-0: Ball 1-0: Fly out, F8 (Flyball, 78M)
|
Batting: RHB Ramón Padilla
|
0-0: Ball 1-0: Ball 2-0: Foul Ball, location: 2F 2-1: SINGLE (Groundball, 6MD) Pablo Díaz to second
|
Batting: SHB Conan Hanson
|
0-0: Ground out U3 (Groundball, 34S)
|
Top of the 7th over - 0 run(s), 2 hit(s), 0 error(s), 2 left on base; Intercourse 2 - Rio Grande 5 |
BOTTOM OF THE 7TH |
Rio Grande Rattlesnake batting - Pitching for Intercourse Amish : RHP Ambrose Palmer
|
Batting: SHB Jeremy Holmes
|
0-0: Ball 1-0: Called Strike 1-1: Ball 2-1: Ball 3-1: Foul Ball, location: 2F 3-2: Base on Balls
|
Batting: RHB Paul Martin
|
0-0: Ball 1-0: Ball 2-0: Bunted foul 2-1: Bunted foul 2-2: Ball 3-2: Ground out 6-3 (Groundball, 6MD) Jeremy Holmes to second
|
Batting: RHB Juan López
|
0-0: Called Strike 0-1: Ball 1-1: Called Strike 1-2: Foul Ball, location: 2F 1-2: Ball 2-2: SINGLE (Flyball, 7LS) Jeremy Holmes to third
|
Batting: RHB Hollis Wood
|
0-0: Ball 1-0: Ball 2-0: Called Strike 2-1: SINGLE (Groundball, 6MD) Jeremy Holmes scores Juan López to second Runner from 2nd tries for 3rd, SAFE, no throw
|
Batting: RHB Miguel Hernández
|
0-0: Ball 1-0: SINGLE (Groundball, 56D) Juan López scores Hollis Wood to second
|
Pitching: LHP Pancho Guerrero
|
|
Batting: RHB Joe Courtier
|
0-0: Ball 1-0: Foul Ball, location: 2F 1-1: Foul Ball, location: 2F 1-2: Foul Ball, location: 2F 1-2: SINGLE (Line Drive, 7S) Hollis Wood to third Miguel Hernández to second Runner from 3rd tries for Home, SAFE, throw made at trailing runner, SAFE at third!
|
Batting: LHB Alberto Roberts
|
0-0: Foul Ball, location: 2F 0-1: SINGLE (Line Drive, 9S) Miguel Hernández scores Joe Courtier to second Runner from 2nd tries for 3rd, SAFE, throw made to third
|
Batting: RHB Jeff Bane
|
0-0: Grounds into double play, 6-4-3 (Groundball, 6)
|
Bottom of the 7th over - 4 run(s), 5 hit(s), 0 error(s), 1 left on base; Intercourse 2 - Rio Grande 9 |
TOP OF THE 8TH |
Intercourse Amish batting - Pitching for Rio Grande Rattlesnake : RHP Adrián Mora
|
Batting: RHB José Velázquez
|
0-0: Called Strike 0-1: Foul Ball, location: 2F 0-2: Foul Ball, location: 2F 0-2: Ball 1-2: Foul Ball, location: 2F 1-2: Ball 2-2: Foul Ball, location: 2F 2-2: Ground out 1-3 (Groundball, 13)
|
Batting: RHB Juan Estrada
|
0-0: Ball 1-0: Called Strike 1-1: Ball 2-1: Ground out 6-3 (Groundball, 6)
|
Batting: LHB Caleb Hall
|
0-0: Swinging Strike 0-1: Foul Ball, location: 2F 0-2: Ball 1-2: Ball 2-2: Fly out, F9 (Line Drive, 9LD)
|
Top of the 8th over - 0 run(s), 0 hit(s), 0 error(s), 0 left on base; Intercourse 2 - Rio Grande 9 |
BOTTOM OF THE 8TH |
Rio Grande Rattlesnake batting - Pitching for Intercourse Amish : LHP Pancho Guerrero
|
Batting: RHB Gilberto Silva
|
0-0: Ball 1-0: Ground out 5-3 (Groundball, 56S)
|
Batting: SHB Jeremy Holmes
|
0-0: Fly out, F8 (Flyball, 8LM)
|
Batting: RHB Paul Martin
|
0-0: Ball 1-0: Ball 2-0: Foul Ball, location: 2F 2-1: Called Strike 2-2: Foul Ball, location: 2F 2-2: SINGLE (Line Drive, 7LS)
|
Batting: RHB Juan López
|
0-0: Ball 1-0: Called Strike 1-1: Foul Ball, location: 2F 1-2: Ball 2-2: Foul Ball, location: 2F 2-2: Foul Ball, location: 2F 2-2: Ball 3-2: Foul Ball, location: 2F 3-2: Base on Balls Paul Martin to second
|
Batting: RHB Hollis Wood
|
0-0: Ball 1-0: Foul Ball, location: 2F 1-1: Ball 2-1: Foul Ball, location: 2F 2-2: Strikes out looking
|
Bottom of the 8th over - 0 run(s), 1 hit(s), 0 error(s), 2 left on base; Intercourse 2 - Rio Grande 9 |
TOP OF THE 9TH |
Intercourse Amish batting - Pitching for Rio Grande Rattlesnake : RHP Adrián Mora
|
Now at C: Cristián Román
|
|
Batting: RHB Tomás Galindo
|
0-0: Ball 1-0: SINGLE (Line Drive, 78S)
|
Batting: RHB Pablo Díaz
|
0-0: Called Strike 0-1: Swinging Strike 0-2: Grounds into double play, 4-6-3 (Groundball, 4)
|
Batting: RHB Taylor Justice
|
0-0: Called Strike 0-1: Called Strike 0-2: Fly out, F7 (Line Drive, 78D)
|
Top of the 9th over - 0 run(s), 1 hit(s), 0 error(s), 0 left on base; Intercourse 2 - Rio Grande 9 |
|